 Dungeon Crawl Stone Soup version 0.21.1-1-g345015f (webtiles) character file.

70 Eggbaby the Conjurer (level 4, -4/27 HPs)
             Began as an Octopode Wizard on June 21, 2018.
             Was a Follower of Cheibriados.
             Slain by CryoXil's ghost (6 damage)
             ... on level 3 of the Dungeon.
             The game lasted 00:13:27 (1883 turns).

Eggbaby the Conjurer (Octopode Wizard)              Turns: 1883, Time: 00:13:29

Health: -4/27      AC:  8    Str:  8    XL:     4   Next: 22%
Magic:  8/8        EV: 13    Int: 23    God:    Cheibriados [*.....]
Gold:   199        SH:  0    Dex: 12    Spells: 8/9 levels left

rFire    . . .     SeeInvis .   j - +1 scimitar
rCold    . . .     Gourm    .   (no shield)
rNeg     . . .     Faith    .   a - +1 hat
rPois    .         Spirit   .   (no amulet)
rElec    .         Reflect  .   f - +6 ring of protection
rCorr    .         Harm     .   (no ring)
MR       .....                  (no ring)
Stlth    +++.......             (no ring)
HPRegen  0.09/turn              (no ring)
MPRegen  0.11/turn              (no ring)
                                (no ring)
                                (no ring)

@: very slow
A: almost no armour, stealthy swim, amphibious, 8 rings, constrict 8, camouflage
1, gelatinous body 1
a: Bend Time, Renounce Religion


You were on level 3 of the Dungeon.
You worshipped Cheibriados.
Cheibriados was aware of your devotion.
You were not hungry.

You visited 1 branch of the dungeon, and saw 3 of its levels.

You collected 199 gold pieces.

Inventory:

Hand Weapons
 j - a +1 scimitar (weapon)
Armour
 a - a +1 hat (worn)
Jewellery
 f - a +6 ring of protection (left tentacle)
Scrolls
 i - 3 scrolls of identify
 m - 3 scrolls of remove curse
Potions
 e - a potion of might {unknown}
 h - 3 potions of heal wounds
 k - a potion of mutation {unknown}
Books
 b - a book of Minor Magic

   Spells                             Type                      Level
   a - Magic Dart                     Conjuration                  1
   b - Blink                          Translocation                2
   c - Call Imp                       Summoning                    2
   d - Slow                           Hexes                        2
   e - Conjure Flame                  Conjuration/Fire             3
   f - Mephitic Cloud                 Conjuration/Poison/Air       3
Comestibles
 c - 2 rations


   Skills:
 - Level 2.0 Dodging
 - Level 3.0 Stealth
 - Level 3.0 Spellcasting
 * Level 3.8 Conjurations
   Level 1.0 Summonings
   Level 1.0 Translocations


You had 8 spell levels left.
You knew the following spells:

 Your Spells              Type           Power        Failure   Level  Hunger
a - Magic Dart            Conj           ###.         2%          1    None


Dungeon Overview and Level Annotations

Branches:
Dungeon (3/15)

Altars:
Cheibriados
Okawaru

Annotations:
D:3 CryoXil's ghost, amateur GrFi; Purgy


Innate Abilities, Weirdness & Mutations

You cannot wear most types of armour.
You are very stealthy in the water. (Stealth+)
You are amphibious.
You can wear up to eight rings at the same time.
You can use your tentacles to constrict eight enemies at once.
Your skin changes colour to match your surroundings (Stealth+).
Your rubbery body absorbs attacks. (AC +1, EV +1)


Message History

Your squeeze misses CryoXil's ghost.
CryoXil's ghost is moderately damaged.
You closely miss CryoXil's ghost.
CryoXil's ghost is moderately damaged.
CryoXil's ghost barely misses you. CryoXil's ghost completely misses you.
You hit CryoXil's ghost but do no damage.
CryoXil's ghost is moderately damaged.
CryoXil's ghost barely misses you.
You riposte.
You hit CryoXil's ghost.
CryoXil's ghost is moderately damaged.
You hit CryoXil's ghost but do no damage.
You squeeze CryoXil's ghost.
CryoXil's ghost is moderately damaged.
CryoXil's ghost hits you.
You barely miss CryoXil's ghost. Your squeeze misses CryoXil's ghost.
CryoXil's ghost is moderately damaged.
CryoXil's ghost makes a sound of rattling chains.
CryoXil's ghost hits you!
* * * LOW HITPOINT WARNING * * *
CryoXil's ghost hits you.
You die...

.# .# .# W## §.
##§# #W.# #@# #.#
#+# #.# #.# #§#
#.######## #.#
##.##.....# #†#
##...#.###.# #.#
._.........#####.#
.....#.##........#


You could see CryoXil's ghost (inner flame).

Vanquished Creatures
  2 adders
  A dart slug (D:3)
  A leopard gecko (D:1)
  7 bats
  2 giant cockroaches (D:1)
  8 goblins
  2 hobgoblins
  4 jackals (D:2)
  2 quokkas (D:2)
  2 ball pythons (D:1)
  3 frilled lizards
  7 kobolds
  9 rats
50 creatures vanquished.

Notes
Turn   | Place    | Note
-------+----------+-------------------------------------------
     0 | D:1      | Eggbaby the Octopode Wizard began the quest for the Orb.
     0 | D:1      | Reached XP level 1. HP: 11/11 MP: 4/4
   193 | D:1      | Reached XP level 2. HP: 5/17 MP: 0/6
   547 | D:1      | Reached XP level 3. HP: 19/21 MP: 1/7
  1043 | D:2      | Found a snail-covered altar of Cheibriados.
  1060 | D:2      | Became a worshipper of Cheibriados the Contemplative
  1574 | D:3      | Noticed Purgy
  1694 | D:3      | Reached * piety under Cheibriados
  1694 | D:3      | Reached XP level 4. HP: 27/27 MP: 0/8
  1843 | D:3      | Found an iron altar of Okawaru.
  1866 | D:3      | Noticed CryoXil's ghost (amateur GrFi)
  1883 | D:3      | Slain by CryoXil's ghost

Skill      XL: |  1  2  3 |
---------------+----------+-----
Conjurations   | 2 3 |  3.8
Stealth        | 3 |  3.0
Dodging        | |  2.0
Spellcasting   | |  3.0
Summonings     | |  1.0
Translocations | |  1.0

Action                   |  1- 3 |  4- 6 || total
-------------------------+-------+-------++-------
Melee: Unarmed           |    29 |       ||    29
       Constrict         |    10 |     1 ||    11
       Tentacles         |     7 |     4 ||    11
       Scimitar          |     8 |    17 ||    25
 Cast: Magic Dart        |    69 |     6 ||    75
  Use: Scroll            |     2 |     5 ||     7
 Stab: Sleeping          |     3 |     1 ||     4
  Eat: Ration            |     1 |       ||     1
       Chunk             |     1 |       ||     1
Armor: Skin              |     5 |     3 ||     8
Dodge: Dodged            |    32 |    11 ||    43
       Rpst.: Scimitar   |     2 |     3 ||     5
